 Dungeon Crawl Stone Soup version 0.21.1-1-g345015f (webtiles) character file.

79 lotte the Conjurer (level 4, -5/24 HPs)
             Began as a Deep Elf Conjurer on July 1, 2018.
             Slain by emiel's ghost (16 damage)
             ... on level 3 of the Dungeon.
             The game lasted 00:09:07 (2498 turns).

lotte the Conjurer (Deep Elf Conjurer)              Turns: 2498, Time: 00:09:08

Health: -5/24      AC:  2    Str:  5    XL:     4   Next: 17%
Magic:  0/12       EV: 13    Int: 21    God:
Gold:   127        SH:  0    Dex: 20    Spells: 7/12 levels left

rFire    . . .     SeeInvis .   f - +0 whip
rCold    . . .     Gourm    .   (no shield)
rNeg     + . .     Faith    .   a - +0 robe
rPois    .         Spirit   .   (no helmet)
rElec    .         Reflect  .   (no cloak)
rCorr    .         Harm     .   (no gloves)
MR       .....                  (no boots)
Stlth    ++........             (no amulet)
HPRegen  0.08/turn              q - +5 ring of dexterity
MPRegen  0.13/turn              p - ring of positive energy

@: no status effects
A: no striking features
a: no special abilities


You were on level 3 of the Dungeon.
You were very hungry.

You visited 1 branch of the dungeon, and saw 3 of its levels.

You collected 127 gold pieces.

Inventory:

Hand Weapons
 f - a +0 whip (weapon)
Armour
 a - a +0 robe (worn)
Jewellery
 n - an uncursed ring of stealth
 p - a ring of positive energy (right hand)
 q - a +5 ring of dexterity (left hand)
Scrolls
 d - 3 scrolls of identify {unknown}
 g - 5 scrolls of remove curse {unknown}
 h - 2 scrolls of teleportation {unknown}
 j - 2 scrolls of amnesia {unknown}
 r - a scroll of blinking {unknown}
 s - a scroll of enchant armour {unknown}
Potions
 e - a potion of agility {unknown}
 i - a potion of lignification {unknown}
 k - a potion of brilliance {unknown}
 l - a potion of heal wounds {unknown}
 m - a potion of invisibility {unknown}
 o - a potion of might {unknown}
Books
 b - a book of Conjurations

   Spells                             Type                      Level
   a - Magic Dart                     Conjuration                  1
   b - Searing Ray                    Conjuration                  2
   c - Dazzling Spray                 Conjuration/Hexes            3
   d - Fulminant Prism                Conjuration/Hexes            4
   e - Force Lance                    Conjuration/Translocation    4
   f - Iskenderun's Mystic Blast      Conjuration                  4
Comestibles
 c - 9 rations


   Skills:
 - Level 2.4 Dodging
 - Level 2.4 Stealth
 + Level 4.8 Spellcasting
 + Level 5.4 Conjurations


You had 7 spell levels left.
You knew the following spells:

 Your Spells              Type           Power        Failure   Level  Hunger
a - Magic Dart            Conj           ####         1%          1    None
b - Force Lance           Conj/Tloc      ###.....     34%         4    ####...


Dungeon Overview and Level Annotations

Branches:
Dungeon (3/15)

Altars:
Uskayaw

Annotations:
D:3 emiel's ghost, amateur FoFi


Message History

Emiel's ghost is moderately damaged.
You are feeling very hungry.
Emiel's ghost hits you!
Casting: Force Lance
Confirm with . or Enter, or press ? or * to list all spells.
Aiming: Force Lance
Press: ? - help, Shift-Dir - straight line, f/p - emiel's ghost
Aim: emiel's ghost (moderately damaged)
The lance of force hits emiel's ghost.
Emiel's ghost is moderately damaged.
Emiel's ghost barely misses you.
A worm comes into view.
Casting: Force Lance
Confirm with . or Enter, or press ? or * to list all spells.
You don't have enough magic to cast that spell.
Unknown command.
You see here 3 stones.
Emiel's ghost hits you!
Ouch! That really hurt!
You die...

#.# #.# #.# #.#
#.#####.# #.#
#..<....# #.#
############ #.#
.....# ######.#######
####.# #.......†.....
#.# #.####.####### #.#
#.#....@(# #.#
#.#.##.#W# #.#
#.#.##.#.# #.#
#.#.##.#(#######
#.#####.#.##.#)..!....
#.......#....)).######
############.#...#
#(#w..#
.............$#


You could see a worm and emiel's ghost.

Vanquished Creatures
  2 adders (D:2)
  2 worms
  A dart slug (D:1)
  A leopard gecko (D:1)
  An orc (D:3)
  2 giant cockroaches
  10 hobgoblins
  4 jackals (D:2)
  2 quokkas
  A ball python (D:3)
  3 frilled lizards
  6 goblins
  10 kobolds
  5 rats
50 creatures vanquished.

Notes
Turn   | Place    | Note
-------+----------+-------------------------------------------
     0 | D:1      | lotte the Deep Elf Conjurer began the quest for the Orb.
     0 | D:1      | Reached XP level 1. HP: 10/10 MP: 6/6
   329 | D:1      | Reached XP level 2. HP: 15/15 MP: 6/8
  1103 | D:2      | Reached skill level 5 in Conjurations
  1103 | D:2      | Reached XP level 3. HP: 17/19 MP: 3/10
  1539 | D:2      | Found a hide-covered altar of Uskayaw.
  2179 | D:2      | Reached XP level 4. HP: 24/24 MP: 10/12
  2206 | D:2      | Learned a level 4 spell: Force Lance
  2492 | D:3      | Noticed emiel's ghost (amateur FoFi)
  2498 | D:3      | Slain by emiel's ghost

Skill      XL: |  1  2 |
---------------+-------+-----
Spellcasting   | 4 |  4.8
Conjurations   | 5 |  5.4
Dodging        | |  2.4
Stealth        | |  2.4

Action                   |  1- 3 |  4- 6 || total
-------------------------+-------+-------++-------
Melee: Whip              |     7 |       ||     7
 Cast: Magic Dart        |    84 |    16 ||   100
       Force Lance       |       |     3 ||     3
  Eat: Chunk             |     3 |     1 ||     4
Armor: Robe              |     4 |     1 ||     5
Dodge: Dodged            |    21 |     7 ||    28
